 Dungeon Crawl Stone Soup version 0.23.2-1-ga50397a (webtiles) character file.

Game seed: 12151167719577304886

1274 night the Digger (level 8, -3/41 HPs)
             Began as a Gargoyle Earth Elementalist on May 4, 2019.
             Slain by an orc warrior
             ... wielding a +2 dire flail of holy wrath
              (10 damage)
             ... on level 6 of the Dungeon.
             The game lasted 00:21:11 (8357 turns).

night the Digger (Gargoyle Earth Elementalist)      Turns: 8357, Time: 00:21:12

Health: -3/41      AC: 15    Str: 12    XL:     8   Next: 53%
Magic:  1/15       EV: 10    Int: 18    God:
Gold:   214        SH:  0    Dex: 10    Spells: 8/17 levels left

rFire    . . .     SeeInvis .     - Unarmed
rCold    . . .     Gourm    .   (no shield)
rNeg     + . .     Faith    .   A - +4 ring mail
rPois    ∞         Spirit   .   (no helmet)
rElec    +         Reflect  .   (no cloak)
rCorr    .         Harm     .   (no gloves)
MR       .....                  (no boots)
Stlth    +.........             (no amulet)
HPRegen  0.13/turn              (no ring)
MPRegen  0.14/turn              (no ring)

@: very slightly contaminated
A: negative energy resistance 1, electricity resistance, unbreathing,
petrification resistance, rot immunity, AC +5
a: no special abilities


You were on level 6 of the Dungeon.
You were not hungry.

You visited 1 branch of the dungeon, and saw 6 of its levels.

You collected 214 gold pieces.

Inventory:

Missiles
 b - 234 stones
 e - 44 bolts
 g - 37 arrows
 k - 3 javelins (quivered)
Armour
 c - a +0 robe
 q - a +0 ring mail
 s - a +1 robe of positive energy
 A - a +4 ring mail (worn)
Scrolls
 a - a scroll of teleportation
 j - a scroll of enchant weapon
 m - a scroll of fog
 w - 3 scrolls of remove curse
Potions
 f - 2 potions of might
 h - a potion of haste {unknown}
 l - 5 potions of cancellation
 n - a potion of ambrosia
 o - a potion of flight {unknown}
 p - a potion of curing
 u - a potion of invisibility {unknown}
Comestibles
 d - 9 rations
 i - 2 chunks of flesh


   Skills:
 + Level 2.1 Armour
 - Level 1.5 Dodging
 - Level 2.1 Stealth
 + Level 5.1 Unarmed Combat
 + Level 5.2 Spellcasting
 - Level 3.2 Conjurations
   Level 0.7 Transmutations
 + Level 7.4 Earth Magic


You had 8 spell levels left.
You knew the following spells:

 Your Spells              Type           Power        Failure   Level  Hunger
a - Sandblast             Erth           ####..       1%          1    None
b - Stone Arrow           Conj/Erth      ###...       10%         3    ##.....
c - Lee's Rapid Deconstr  Erth           ####......   36%         5    ######.

Your spell library contained the following spells:

 Spells                   Type           Power        Failure   Level  Hunger
 Passwall                 Tmut/Erth      ###.....     9%          2    #......
 Animate Skeleton         Necr           N/A          28%         1    None
 Pain                     Necr           #...         28%         1    None
 Petrify                  Tmut/Erth      ###.....     47%         4    ####...
 Regeneration             Chrm/Necr      #.........   65%         3    ##.....
 Vampiric Draining        Necr           #.........   65%         3    ##.....
 Animate Dead             Necr           N/A          96%         4    ####...


Dungeon Overview and Level Annotations

Branches:
Dungeon (6/15)
 Temple: D:4-7

Altars:
Cheibriados
Hepliaklqana
Okawaru
Qazlal
Trog
Uskayaw
Zin
The Shining One

Annotations:
D:1 1 runed translucent door
D:2 Robin


Innate Abilities, Weirdness & Mutations

You are resistant to torment.
Your stone body is resilient. (AC +5)
You are immune to poison.
You resist negative energy. (rN+)
You are resistant to electric shocks. (rElec)
You can survive without breathing.
You are immune to petrification.
You are immune to rotting.


Message History

b - 235 stones The orc warrior hits you with a +2 dire flail of holy wrath!!
Casting: Sandblast (safe; 1% risk of failure)
Confirm with . or Enter, or press ? or * to list all spells.
Aiming: Stone Arrow (safe; 10% risk of failure)
Press: ? - help, Shift-Dir - straight line, f/p - orc warrior
Aim: an orc warrior, wielding a +2 dire flail of holy wrath and wearing a +0 plate armour (almost dead)
The stone arrow misses the orc warrior.
The orc warrior hits you with a +2 dire flail of holy wrath!
* * * LOW HITPOINT WARNING * * *
Casting: Stone Arrow (safe; 10% risk of failure)
Confirm with . or Enter, or press ? or * to list all spells.
Aiming: Sandblast (safe; 1% risk of failure)
Press: ? - help, Shift-Dir - straight line, f/p - orc warrior
Aim: an orc warrior, wielding a +2 dire flail of holy wrath and wearing a +0 plate armour (almost dead)
The blast of sand hits the orc warrior but does no damage.
The orc warrior is almost dead.
b - 234 stones The orc warrior hits you with a +2 dire flail of holy wrath!
You die...

#...≈ ≈≈≈≈≈≈≈≈...#
#..≈###≈≈≈≈###≈..#
#..#...#≈≈#...#..#
#####..#.⌠.#..#.⌠.#..########.
.......#...#..#...#...........
........###....###..#.#.#...#.
.....#........................
.....#........<..####.........
......÷.........@oo.o.........
.....#..>....>......#.........
.....##........).#.###........
.....##....#.......###........
.....####......#..............
###### ##....................
#.#........(.........
..#..................
♣♣♣♣♣.........##


You could see an orc warrior and 2 orcs.

Vanquished Creatures
  Grinder (D:5)
  2 ogres
  A sky beast (D:4)
  A phantom (D:4)
  Blork the orc (D:4)
  2 bullfrogs (D:5)
  A scorpion (D:4)
  A crimson imp (D:5)
  A centaur skeleton (D:6)
  2 orc wizards
  An orc priest (D:4)
  4 worker ants
  12 adders
  4 oozes
  4 worms
  2 dart slugs (D:1)
  4 leopard geckos
  18 orcs
  5 bats
  4 giant cockroaches
  8 goblins
  10 hobgoblins
  6 jackals
  8 kobolds
  2 quokkas (D:2)
  2 ball pythons
  3 frilled lizards
  4 rats
114 creatures vanquished.

Vanquished Creatures (others)
  A wizard (D:4)
1 creature vanquished.

Grand Total: 115 creatures vanquished

Notes
Turn   | Place    | Note
-------+----------+-------------------------------------------
     0 | D:1      | night the Gargoyle Earth Elementalist began the quest for
                  | the Orb.
     0 | D:1      | Reached XP level 1. HP: 10/10 MP: 3/3
     1 | D:1      | Found a runed translucent door.
   250 | D:1      | Reached XP level 2. HP: 11/15 MP: 5/5
   466 | D:1      | Reached skill level 4 in Earth Magic
   724 | D:1      | Reached skill level 1 in Unarmed Combat
  1399 | D:2      | Reached XP level 3. HP: 19/19 MP: 3/6
  1613 | D:2      | Found a glowing golden altar of the Shining One.
  1857 | D:2      | Learned a level 3 spell: Stone Arrow
  2052 | D:2      | Reached XP level 4. HP: 20/24 MP: 1/8
  2449 | D:2      | Noticed Robin
  2820 | D:2      | Found a hazy altar of Hepliaklqana.
  3257 | D:3      | Reached skill level 1 in Conjurations
  3571 | D:3      | Reached XP level 5. HP: 17/28 MP: 1/9
  4793 | D:4      | Noticed a phantom
  4802 | D:3      | Learned a level 5 spell: Lee's Rapid Deconstruction
  4815 | D:4      | Noticed an ogre
  4832 | D:3      | Reached skill level 5 in Earth Magic
  5150 | D:4      | Noticed Blork the orc
  5161 | D:4      | Killed a phantom
  5161 | D:4      | Reached XP level 6. HP: 32/32 MP: 0/11
  5255 | D:4      | Killed Blork the orc
  5672 | D:4      | Found a glowing silver altar of Zin.
  5747 | D:4      | Reached XP level 7. HP: 36/36 MP: 4/12
  6074 | D:4      | Found a bloodstained altar of Trog.
  6075 | D:4      | Noticed a wizard
  6081 | D:4      | Killed a wizard
  6215 | D:4      | Found a hide-covered altar of Uskayaw.
  6397 | D:4      | Found a snail-covered altar of Cheibriados.
  6431 | D:5      | Entered Level 5 of the Dungeon
  6437 | D:5      | Reached skill level 6 in Earth Magic
  6914 | D:5      | Got a scorched spear
  6915 | D:5      | Identified the +10 spear "Filotino" {elec, rN+} (You found
                  | it on level 5 of the Dungeon)
  7081 | D:4      | Reached XP level 8. HP: 13/41 MP: 1/14
  7543 | D:5      | Found an iron altar of Okawaru.
  7635 | D:5      | Noticed Grinder
  7647 | D:5      | Killed Grinder
  7647 | D:5      | Reached skill level 1 in Armour
  7647 | D:5      | Reached skill level 5 in Spellcasting
  7647 | D:5      | Reached skill level 7 in Earth Magic
  7764 | D:5      | Found a stormy altar of Qazlal.
  8086 | D:5      | Reached skill level 5 in Unarmed Combat
  8357 | D:6      | Slain by an orc warrior

Skill      XL: |  1  2  3  4  5  6  7  8 |
---------------+-------------------------+-----
Earth Magic    | 4 5 6 7 |  7.4
Unarmed Combat | 1 2 3 4 5 |  5.1
Conjurations   | 1 2 3 |  3.2
Spellcasting   | 3 4 5 |  5.2
Armour         | 2 |  2.1
Dodging        | |  1.5
Stealth        | |  2.1
Transmutations | |  0.7

Action                   |  1- 3 |  4- 6 |  7- 9 || total
-------------------------+-------+-------+-------++-------
Melee: Unarmed           |    91 |    81 |    28 ||   200
       Spear             |       |       |    17 ||    17
Throw: Stone             |       |     8 |       ||     8
       Javelin           |       |     3 |     3 ||     6
 Cast: Sandblast         |    27 |    18 |    13 ||    58
       Stone Arrow       |     2 |    49 |    46 ||    97
       Lee's Rapid Decon |       |       |     1 ||     1
  Use: Scroll            |       |     7 |     6 ||    13
 Stab: Sleeping          |     2 |       |       ||     2
  Eat: Chunk             |     4 |    17 |    12 ||    33
Armor: Robe              |    23 |    25 |    24 ||    72
       Ring mail         |       |       |    10 ||    10
Dodge: Dodged            |    61 |    72 |    30 ||   163
